 Dungeon Crawl Stone Soup version 0.31.0-9-g3a7656b989 (webtiles) character file.

Game seed: 10937617954727104697

851 Armakuni the Trooper (level 7, 0/44 HPs)
             Began as a Deep Elf Gladiator on Jan 25, 2024.
             Was an Initiate of Gozag.
             Slain by an ice beast (10 damage)
             ... on level 5 of the Dungeon.
             The game lasted 00:10:47 (3840 turns).

Armakuni the Trooper (Deep Elf Gladiator)           Turns: 3840, Time: 00:10:48

Health: 0/44       AC:  5    Str: 17    XL:     7   Next: 69%
Magic:  15/15      EV: 19    Int: 15    God:    Gozag
Gold:   608        SH:  0    Dex: 16    Spells: 12/14 levels left

rFire   . . .        u - +0 orcbow
rCold   . . .        (shield currently unavailable)
rNeg    . . .        h - +0 leather armour
rPois   .            c - +0 helmet
rElec   .            (no cloak)
rCorr   .            t - +0 pair of gloves
SInv    .            (no boots)
Will    .....        (no amulet)
Stlth   +            S - +6 ring of strength
HPRegen 0.27/turn    E - +5 ring of evasion
MPRegen 0.14/turn

%: no passive effects
@: no status effects
A: no striking features
a: Renounce Religion, Potion Petition, Call Merchant, Bribe Branch


You were on level 5 of the Dungeon.
You worshipped Gozag.
Gozag was pleased with you.
You visited 2 branches of the dungeon, and saw 6 of its levels.

You collected 622 gold pieces.
You paid 14 gold pieces to Gozag.

Inventory:

Hand Weapons
 a - a +2 whip of electrocution
 b - a +3 sling of freezing
 j - a +0 quarterstaff
 u - a +0 orcbow (weapon)
Missiles
 d - 2 throwing nets
 e - a javelin
Armour
 c - a +0 helmet (worn)
 h - a +0 leather armour (worn)
 q - an orb of energy
 s - a +0 buckler
 t - a +0 pair of gloves (worn)
Jewellery
 E - a +5 ring of evasion (right hand)
 S - a +6 ring of strength (left hand)
Scrolls
 i - 2 scrolls of amnesia
 l - 3 scrolls of identify
 o - 2 scrolls of fog
 p - a scroll of noise
 r - a scroll of teleportation
Potions
 f - a potion of enlightenment {unknown}
 g - 6 potions of curing
 k - 3 potions of brilliance {unknown}
 m - 5 potions of heal wounds {unknown}
 n - a potion of might {unknown}


   Skills:
 - Level 5.0 Fighting
 - Level 3.0 Staves
 - Level 3.0 Ranged Weapons
 - Level 2.0 Throwing
 - Level 2.0 Armour
 + Level 4.9 Dodging
 + Level 4.2 Spellcasting
 - Level 2.0 Air Magic
 - Level 2.0 Alchemy


You had 12 spell levels left.
You knew the following spells:

 Your Spells              Type           Power      Damage    Failure   Level
z - Mercury Vapours       Alch/Air       18%        N/A       14%         2

Your spell library contained the following spells:

 Spells                   Type           Power      Damage    Failure   Level
 Sting                    Conj/Alch      24%        1d4       14%         1
 Mephitic Cloud           Conj/Alch/Air  7%         N/A       36%         3
 Frozen Ramparts          Ice            6%         1d1       54%         3
 Olgreb's Toxic Radiance  Alch           9%         N/A       67%         4
 Leda's Liquefaction      Alch/Erth      3%         N/A       80%         4
 Petrify                  Alch/Erth      6%         N/A       80%         4
 Freezing Cloud           Conj/Ice/Air   2%         6-21      99%         5
 Metabolic Englaciation   Hex/Ice        1%         N/A       99%         5


Dungeon Overview and Level Annotations

Branches:
Dungeon (5/15)             Temple (1/1) D:4

Altars:
Ashenzari
Cheibriados
Dithmenos
Fedhas
Gozag
Makhleb
Okawaru
Qazlal
Ru
Sif Muna
Trog
Vehumet
Wu Jian
Xom
Yredelemnul
The Shining One


Message History

An ice beast is nearby!
You shoot a sling bullet. The sling bullet hits the ice beast.
The ice beast is lightly wounded.
You aren't carrying any items that you can evoke.
Unknown command.
Your +3 sling of freezing stops glowing.
u - a +0 orcbow (weapon)
You shoot an arrow. The arrow hits the ice beast.
The ice beast is lightly wounded.
The ice beast hits you but does no damage.
You shoot an arrow.
The arrow hits the ice beast but does no damage.
The ice beast is lightly wounded.
The ice beast hits you. The ice beast freezes you!
You shoot an arrow. The arrow closely misses the ice beast.
The ice beast hits you. The ice beast freezes you.
The ice beast closely misses you.
You shoot an arrow. The arrow hits the ice beast!
The ice beast is heavily wounded.
The ice beast closely misses you.
You shoot an arrow. The arrow barely misses the ice beast.
The ice beast hits you but does no damage.
You shoot an arrow. The arrow hits the ice beast!
The ice beast is severely wounded.
The ice beast closely misses you. The ice beast barely misses you.
You shoot an arrow. The arrow closely misses the ice beast.
The ice beast hits you. The ice beast freezes you!
* * * LOW HITPOINT WARNING * * *
You are too injured to fight recklessly!
You are too injured to fight recklessly!
Fire: u) +0 orcbow
Press: ? - help, Q - select action, (/) - cycle Shift-Dir - straight line, f/p - ice beast
Aim: an ice beast (severely wounded, 56% to hit)
You shoot an arrow. The arrow hits the ice beast.
The ice beast is almost dead.
The ice beast hits you.
* * * LOW HITPOINT WARNING * * *
The ice beast freezes you!
You die...
Your body crumbles into a pile of gold.

#######
#.....#
#.....#
#.....#
#.....#
+.@...#
##Y######
#.##.####.##
#.........#
##........#
#........#
#######.####
##.####.#..#
#....#.....#


You could see an ice beast.

Vanquished Creatures
  An ice beast (D:5)
  A centaur (D:5)
  3 scorpions
  3 bombardier beetles
  A hound (D:4)
  A gnoll bouda (D:3)
  An iguana (D:5)
  An orc wizard (D:4)
  8 gnolls
  11 adders
  2 ufetubi (D:4)
  5 dart slugs
  4 orcs (D:4)
  12 ball pythons
  7 bats
  4 endoplasms
  3 giant cockroaches
  6 goblins
  10 hobgoblins
  4 jackals (D:1)
  10 kobolds
  4 quokkas
  2 frilled lizards (D:2)
  4 rats
108 creatures vanquished.

Notes
Turn   | Place    | Note
-------+----------+-------------------------------------------
     0 | D:1      | Armakuni the Deep Elf Gladiator began the quest for the
                  | Orb.
     0 | D:1      | Reached XP level 1. HP: 12/12 MP: 3/3
   116 | D:1      | Reached skill level 2 in Fighting
   124 | D:1      | Reached XP level 2. HP: 9/17 MP: 4/4
   464 | D:1      | Reached XP level 3. HP: 17/22 MP: 5/5
   584 | D:1      | Reached skill level 3 in Fighting
   656 | D:1      | Learned a level 2 spell: Mercury Vapours
   730 | D:2      | Reached skill level 1 in Spellcasting
   795 | D:2      | Reached skill level 1 in Ranged Weapons
   821 | D:2      | Found an opulent altar of Gozag.
   829 | D:2      | Became a worshipper of Gozag Ym Sagoz the Greedy
   841 | D:2      | Reached skill level 1 in Alchemy
   911 | D:2      | Reached XP level 4. HP: 28/28 MP: 7/7
   952 | D:2      | Reached skill level 1 in Air Magic
  1645 | D:3      | Reached XP level 5. HP: 32/32 MP: 8/8
  1864 | D:3      | Reached skill level 1 in Armour
  1887 | D:3      | Found a faded altar of an unknown god.
  1943 | D:3      | Reached XP level 6. HP: 37/37 MP: 12/12
  2636 | D:4      | Found a staircase to the Ecumenical Temple.
  2731 | Temple   | Entered the Ecumenical Temple
  2995 | D:4      | Reached skill level 4 in Fighting
  3086 | D:4      | Reached XP level 7. HP: 31/44 MP: 9/13
  3148 | D:4      | Found a shadowy altar of Dithmenos.
  3381 | D:5      | Entered Level 5 of the Dungeon
  3445 | D:5      | Found a bloodstained altar of Trog.
  3561 | D:5      | Reached skill level 5 in Fighting
  3840 | D:5      | Slain by an ice beast

Illustrated notes

Levels and vault maps discovered:
D:1:      dpeg_arrival_ternary, layout_basic, minmay_misc_feat_doors,
          interstate_on_off
D:2:      layout_basic, basic_altar
D:3:      layout_basic, chequers_ecumenical_altar_simple_redux,
          nicolae_grassy_gnolls
D:4:      layout_basic, mainiacjoe_overflow_catwalk,
          minmay_temple_entry_drinking_statues
D:5:      layout_gridville, mainiacjoe_overflow_small_starburst,
          gammafunk_temple_overflow_statue, st_stairs_14,
          kennysheep_cluttered_room
Temple:   cyrus_circular_temple

Skill      XL: |  1  2  3  4  5  6  7 |
---------------+----------------------+-----
Fighting       | 2 3 4 5 |  5.0
Spellcasting   | 1 3 4 |  4.2
Ranged Weapons | 1 2 3 |  3.0
Alchemy        | 1 2 |  2.0
Air Magic      | 1 2 |  2.0
Armour         | 1 2 |  2.0
Dodging        | 4 |  4.9
Staves         | |  3.0
Throwing       | |  2.0

Action                     |  1- 3 |  4- 6 |  7- 9 || total
---------------------------+-------+-------+-------++-------
  Melee: Quarterstaff      |    92 |       |       ||    92
   Fire: Sling             |    10 |   179 |    58 ||   247
         Orcbow            |       |       |     8 ||     8
  Throw: Throwing net      |     3 |       |       ||     3
   Cast: Mercury Vapours   |       |     7 |     5 ||    12
    Use: Scroll            |       |    10 |     1 ||    11
   Stab: Distracted        |     1 |       |       ||     1
         Sleeping          |     1 |       |       ||     1
 Armour: Leather armour    |    61 |    29 |    35 ||   125
  Dodge: Dodged            |    64 |    62 |    30 ||   156
